 Dungeon Crawl Stone Soup version 0.27.0 (webtiles) character file.

Game seed: 16847063399515604490

204 dolemite99 the Spear-Bearer (level 5, 0/38 HPs)
             Began as a Merfolk Gladiator on July 31, 2021.
             Slain by a hornet zombie (8 damage)
             ... on level 3 of the Dungeon.
             The game lasted 00:02:35 (2567 turns).

dolemite99 the Spear-Bearer (Merfolk Gladiator)     Turns: 2567, Time: 00:02:36

Health: 0/38       AC:  9    Str: 15    XL:     5   Next: 82%
Magic:  5/5        EV:  7    Int:  7    God:
Gold:   48         SH:  0    Dex: 16    Spells: 4/4 levels left

rFire    . . .     SeeInvis .   a - +0 trident
rCold    . . .     Faith    .   (no shield)
rNeg     . . .     Spirit   .   n - +0 chain mail
rPois    .         Reflect  .   c - +0 helmet
rElec    .         Harm     .   (no cloak)
rCorr    .         Rampage  .   (no gloves)
Will     .....                  (no boots)
Stlth    ..........             (no amulet)
HPRegen  0.12/turn              t - ring of flight
MPRegen  0.09/turn              (no ring)

@: flying
A: (nimble swimmer 2), mertail
a: no special abilities


You were on level 3 of the Dungeon.
You visited 1 branch of the dungeon, and saw 3 of its levels.

You collected 48 gold pieces.

Inventory:

Hand Weapons
 a - a +0 trident (weapon)
 r - a +0 hunting sling
Missiles
 e - 147 stones (quivered)
 g - 2 curare-tipped darts
 p - 27 arrows
 q - 2 boomerangs
Armour
 b - a +0 leather armour
 c - a +0 helmet (worn)
 n - a +0 chain mail (worn)
Jewellery
 t - a ring of flight (left hand)
Scrolls
 f - a scroll of enchant armour {unknown}
 j - a scroll of acquirement {unknown}
 k - a scroll of fear {unknown}
 o - a scroll of identify {unknown}
Potions
 h - 2 potions of curing {unknown}
 i - 2 potions of magic {unknown}
 l - 2 potions of might {unknown}
 m - 2 potions of lignification {unknown}
 s - a potion of haste {unknown}


   Skills:
 - Level 2.1 Fighting
 + Level 9.1 Polearms
 - Level 2.0 Throwing
 - Level 4.0 Dodging


You had 4 spell levels left.
You didn't know any spells.
Your spell library was empty.

Dungeon Overview and Level Annotations

Branches:
Dungeon (3/15)

Altars:
Kikubaaqudgha


Innate Abilities, Weirdness & Mutations

((You are quick and stealthy near water. (Stealth+, EV+, Speed+++)))
Your lower body shifts to a powerful aquatic tail in water.


Message History

The hornet zombie is moderately damaged.
The hornet zombie struggles against the net.
You catch the helpless hornet zombie completely off-guard!
You hit the hornet zombie.
The hornet zombie is moderately damaged.
The hornet zombie struggles against the net.
You hit the hornet zombie.
The hornet zombie is moderately damaged.
The hornet zombie struggles against the net. x2
You strike the helpless hornet zombie from behind!
You hit the hornet zombie but do no damage.
The hornet zombie is moderately damaged.
The hornet zombie struggles against the net.
The net rips apart, and the hornet zombie comes free!
You hit the hornet zombie.
The hornet zombie is moderately damaged.
The hornet zombie hits you.
You barely miss the hornet zombie.
The hornet zombie is moderately damaged.
The hornet zombie hits you.
You puncture the hornet zombie!
The hornet zombie is heavily damaged.
The hornet zombie hits you.
You hit the hornet zombie but do no damage.
The hornet zombie is heavily damaged.
The hornet zombie closely misses you.
You hit the hornet zombie but do no damage.
The hornet zombie is heavily damaged.
The hornet zombie hits you!
You puncture the hornet zombie!
The hornet zombie is severely damaged.
The hornet zombie hits you.
* * * LOW HITPOINT WARNING * * *
You hit the hornet zombie.
The hornet zombie is severely damaged.
The hornet zombie hits you but does no damage.
You hit the hornet zombie.
The hornet zombie is almost destroyed.
The hornet zombie hits you!
You die...

............
♣≈≈≈..≈≈≈≈
#.......### .#
♣≈≈≈≈...P≈
#...Z....# .#
♣≈≈≈≈.≈≈≈≈
##.....#.######.#
#≈♣≈P.≈≈PP
####.##.....#..
##♣♣≈..♣♣#
#...####.#.#
#♣≈...# ###...#
...# #≈♣...#
###.###..##
###†..# #..Z@...#
#...#
.#######...####
##.##
..............#
#.#
########...##.#
#.#
###....######.#
####........#
##########


You could see a hornet zombie.

Vanquished Creatures
  An ogre (D:3)
  6 adders
  2 worms (D:2)
  2 dart slugs
  3 ball pythons
  3 endoplasms
  3 giant cockroaches
  5 goblins
  5 hobgoblins
  8 jackals
  4 kobolds
  4 quokkas
  4 bats
  2 frilled lizards (D:1)
  4 rats
56 creatures vanquished.

Notes
Turn   | Place    | Note
-------+----------+-------------------------------------------
     0 | D:1      | dolemite99 the Merfolk Gladiator began the quest for the
                  | Orb.
     0 | D:1      | Reached XP level 1. HP: 16/16 MP: 1/1
    54 | D:1      | Reached skill level 5 in Polearms
   151 | D:1      | Reached XP level 2. HP: 22/22 MP: 2/2
  1069 | D:2      | Found a faded altar of an unknown god.
  1084 | D:2      | Reached skill level 6 in Polearms
  1084 | D:2      | Reached XP level 3. HP: 27/27 MP: 3/3
  1499 | D:2      | Found an ancient bone altar of Kikubaaqudgha.
  1653 | D:2      | Reached skill level 7 in Polearms
  1653 | D:2      | Reached XP level 4. HP: 32/33 MP: 4/4
  2227 | D:3      | Noticed an ogre
  2244 | D:3      | Killed an ogre
  2245 | D:3      | Reached skill level 8 in Polearms
  2245 | D:3      | Reached XP level 5. HP: 18/38 MP: 5/5
  2499 | D:3      | Reached skill level 9 in Polearms
  2567 | D:3      | Slain by a hornet zombie

Illustrated notes

Levels and vault maps discovered:
D:1:      erik_arrival_orb_chamber, layout_basic
D:2:      layout_loops_ring, basic_altar,
          shapermc_ecumenical_altar_starsandcircs, minmay_octomino_c4
D:3:      layout_rooms, gup_sewer_entry_bowl, serial_bayou_ford_a

Skill      XL: |  1  2  3  4  5 |
---------------+----------------+-----
Polearms       | 5 6 7 8 9 |  9.1
Fighting       | |  2.1
Throwing       | |  2.0
Dodging        | |  4.0

Action                   |  1- 3 |  4- 6 || total
-------------------------+-------+-------++-------
Melee: Trident           |    78 |   113 ||   191
       Tailslap          |     1 |       ||     1
Throw: Throwing net      |       |     5 ||     5
       Dart              |       |     2 ||     2
 Stab: Sleeping          |     2 |       ||     2
       Held in net/web   |       |     3 ||     3
Armor: Leather armour    |     4 |       ||     4
       Chain mail        |    28 |    48 ||    76
Dodge: Dodged            |    39 |    25 ||    64
